Selects Advanced Infantry Battlegroup
Selects Convert to Ranger Squad
Selects Designate Assault Position
Selects Frontline Medical Station
Frontline Medical Station
Construct Weapon Support Center
Selects Ranger Weapon Training
Selects Ammunition Storage
Improved M9 Bazooka Rockets
Frontline Medical Station
Selects M2A1 105mm Howitzer Emplacement
Construct Medical Station
Selects 155mm Rapid Artillery Barrage
M4(105) Sherman Bulldozer
M4(105) Sherman Bulldozer